 Dungeon Crawl Stone Soup version 0.25-a0-577-ga4619f409e (webtiles) character file.

Game seed: 12965567119944202377, levelgen mode: deterministic

7 kae the Sneak (level 1, 0/13 HPs)
             Began as a Vampire Enchanter on Mar 2, 2020.
             Succumbed to an adder's poison
             ... on level 2 of the Dungeon.
             The game lasted 00:00:32 (225 turns).

kae the Sneak (Vampire Enchanter)                    Turns: 225, Time: 00:00:33

Health: 0/13       AC:  2    Str:  5 (7)  XL:     1   Next: 91%
Magic:  0/3        EV: 12    Int: 15 (17) God:
Gold:   0          SH:  0    Dex: 13 (14) Spells: 3/4 levels left

rFire    . . .     SeeInvis +   a - +1 dagger
rCold    . . .     Gourm    .   (no shield)
rNeg     . . .     Faith    .   b - +0 robe
rPois    .         Spirit   .   (no helmet)
rElec    .         Reflect  .   (no cloak)
rCorr    .         Harm     .   (no gloves)
MR       .....                  (no boots)
Stlth    +++.......             (no amulet)
HPRegen  0.24/turn              (no ring)
MPRegen  0.08/turn              (no ring)

@: lethally poisoned (0 -> -1), regenerating quickly
A: no food, fangs 3, see invisible, unbreathing
a: Exsanguinate


You were on level 2 of the Dungeon.
You were alive.

You visited 1 branch of the dungeon, and saw 2 of its levels.

Inventory:

Hand Weapons
 a - a +1 dagger (weapon)
Armour
 b - a +0 robe (worn)


   Skills:
 * Level 1.6 Short Blades
 - Level 2.1 Dodging
 + Level 4.6 Stealth
 + Level 2.1 Spellcasting
 + Level 4.5 Hexes


You had 3 spell levels left.
You knew the following spells:

 Your Spells              Type           Power        Failure   Level  Hunger
a - Corona                Hex            ###....      3%          1    N/A

Your spell library contained the following spells:

 Spells                   Type           Power        Failure   Level  Hunger
 Confusing Touch          Hex            ###.....     10%         3    N/A
 Tukima's Dance           Hex            ###.....     10%         3    N/A
 Ensorcelled Hibernation  Hex/Ice        #.....       13%         2    N/A
 Dazzling Flash           Conj/Hex       #.....       26%         3    N/A

Dungeon Overview and Level Annotations

Branches:
Dungeon (1/15)

Altars:

Annotations:
D:2 Terence


Innate Abilities, Weirdness & Mutations

You do not eat.
Your natural rate of healing is unusually fast.
You have razor-sharp teeth.
You have supernaturally acute eyesight. (SInv)
You can survive without breathing.


Message History

Confirm with . or Enter, or press ? or * to list all spells.
Aiming: Corona (safe; 3% risk of failure)
Press: ? - help, Shift-Dir - straight line, f/p - adder
Aim: an adder (lightly wounded, chance to defeat MR: 61%)
The adder struggles to resist.
The adder bites you.
You hit the adder. Your bite misses the adder.
The adder is moderately wounded.
The adder bites you but does no damage. The adder bites you.
You are poisoned.
The adder poisons you!
You barely miss the adder.
The adder is moderately wounded.
You feel sick. The adder bites you.
* * * LOW HITPOINT WARNING * * *
You closely miss the adder.
The adder is moderately wounded.
The adder completely misses you.
You barely miss the adder.
The adder is moderately wounded.
You die...

.# S# .# #.##### .......
..... ######..#####
#@S@†........
##)###.......#
###########)..##.....[.#
#...#.........##.......#
####...#.........##r.....##
#.##...#.........##......#
#..'...'.........##......#
#.##...#.........######..#
###############..#


You could see Terence and an adder.

Vanquished Creatures
  2 leopard geckos (D:1)
  A goblin (D:1)
  A hobgoblin (D:2)
  A bat (D:2)
5 creatures vanquished.

Notes
Turn   | Place    | Note
-------+----------+-------------------------------------------
     0 | D:1      | kae the Vampire Enchanter began the quest for the Orb.
     0 | D:1      | Reached XP level 1. HP: 13/13 MP: 3/3
    76 | D:1      | You fall into a shaft and drop 1 floor!
   213 | D:2      | Noticed Terence
   225 | D:2      | Succumbed to an adder's poison

Levels and vault maps discovered:
D:1:      dpeg_arrival_rooms_a, layout_rooms, feat_on_display
D:2:      layout_basic, elyvilon_altar_3, lemuel_doored_altar,
          cheibriados_altar_1, lemuel_round_altar, uniq_terence,
          uniq_crazy_yiuf_cottage, uniq_jessica

Action                   || total
-------------------------++-------
Melee: Dagger            ||    31
       Bite              ||     2
 Cast: Corona            ||     8
  Use: Potion            ||     2
       Scroll            ||     1
Armor: Robe              ||     7
Dodge: Dodged            ||    33

Table legend:
 A = Non-vault XP
 B = Vault XP
 C = Vault XP percentage of total XP
 D = Non-vault monster count
 E = Vault monster count
 F = Vault count percentage of total count
                 A         B        C        D         E       F
            +---------+---------+-------+---------+---------+-------
      Total |      11 |       0 |   0.0 |       5 |       0 |   0.0
            +---------+---------+-------+---------+---------+-------
        D:1 |       8 |       0 |   0.0 |       3 |       0 |   0.0
        D:2 |       3 |       0 |   0.0 |       2 |       0 |   0.0
            +---------+---------+-------+---------+---------+-------
